 Dungeon Crawl Stone Soup version 0.22-a0-469-gf26638a (webtiles) character file.

93729 Mamutox the Spry (level 15, -2/75 HPs)
             Began as a Spriggan Enchanter on June 12, 2018.
             Was the Champion of Dithmenos.
             Killed from afar by Nikola (29 damage)
             ... with a chain lightning
             ... on level 4 of the Spider Nest.
             The game lasted 03:07:53 (28114 turns).

Mamutox the Spry (Spriggan Enchanter)              Turns: 28114, Time: 03:07:54

Health: -2/75      AC:  1    Str:  4    XL:     15   Next: 24%
Magic:  5/30       EV: 36    Int: 22    God:    Dithmenos [******]
Gold:   964        SH:  0    Dex: 28    Spells: 9/34 levels left

rFire    . . .     SeeInvis +   L - +4 short sword (flame)
rCold    . . .     Gourm    .   (shield restricted)
rNeg     . . .     Faith    .   b - +0 robe
rPois    .         Spirit   .   u - +0 hat
rElec    .         Reflect  .   P - scarf {cloud immunity}
rCorr    .         Harm     .   (gloves unavailable)
MR       +++..     Clarity  +   (boots unavailable)
Stlth    +++++++...             W - amulet of the acrobat
HPRegen  0.22/turn              r - ring of protection from magic
MPRegen  0.22/turn              G - +6 ring of dexterity

@: wreathed by umbra, studying Axes, slow
A: very small, unfitting armour, thin skeletal structure 1, see invisible,
blink, clarity, clever 1, deformed body, herbivore, speed 3, slow metabolism 2,
MP-powered wands
}: 1/15 runes: gossamer
a: Blink, Shadow Step, Shadow Form, Renounce Religion


You were on level 4 of the Spider Nest.
You worshipped Dithmenos.
Dithmenos was exalted by your worship.
You were not hungry.

You visited 4 branches of the dungeon, and saw 17 of its levels.

You collected 1172 gold pieces.
You spent 208 gold pieces at shops.

Inventory:

Hand Weapons
 a - a +1 dagger
 c - the +2 whip "Fugheubi" {drain, *Slow Dex+5 SInv, unknown}
   (You found it on level 4 of the Spider Nest)

   A truly terrible weapon, it drains the life of those it strikes.
   It affects your dexterity (+5).
   It lets you see invisible.
   It may slow you when you take damage.
 x - a +0 hunting sling
 L - a +4 short sword of flaming (weapon)
Missiles
 v - 75 poisoned needles
 Y - 5 needles of sleeping
Armour
 b - a +0 robe (worn)
 u - a +0 hat (worn)
 A - a +2 cloak
 P - a scarf of cloud immunity (worn)
 V - +0 fire dragon scales
Jewellery
 g - a +4 ring of intelligence
 p - an uncursed ring of ice
 r - a ring of protection from magic (left hand)
 F - an uncursed amulet of guardian spirit
 G - a +6 ring of dexterity (right hand)
 R - an uncursed ring of positive energy
 W - an amulet of the acrobat (around neck)
Wands
 k - a wand of acid (3)
 E - a wand of random effects (37)
 H - a wand of iceblast (18)
 M - a wand of disintegration (36)
Scrolls
 e - 3 scrolls of identify
 f - 4 scrolls of fog
 h - 4 scrolls of amnesia
 m - 6 scrolls of magic mapping
 o - 10 scrolls of teleportation
 y - 6 scrolls of remove curse
 D - 3 scrolls of fear
 O - a scroll of acquirement
 U - a scroll of brand weapon
Potions
 i - 2 potions of haste
 j - 3 potions of berserk rage
 l - 2 potions of magic
 n - a potion of heal wounds
 s - 2 potions of curing
 t - a potion of invisibility
 w - 2 potions of flight
 z - 4 potions of ambrosia
 B - 2 potions of agility
 S - a potion of might
 X - a potion of resistance
Books
 Q - a manual of Axes
Miscellaneous
 N - a lamp of fire
Comestibles
 d - 23 rations


   Skills:
 + Level 7.1 Fighting
 + Level 12.3 Short Blades
 + Level 8.6 Throwing
 + Level 16.2 Dodging
 - Level 15.0 Stealth
 - Level 10.1 Spellcasting
 - Level 10.0 Hexes
 - Level 9.0 Charms
 - Level 0.6 Ice Magic
 - Level 7.2 Invocations
 + Level 8.8 Evocations


You had 9 spell levels left.
You knew the following spells:

 Your Spells              Type           Power        Failure   Level  Hunger
a - Infusion              Chrm           ####         1%          1    None
b - Cause Fear            Hex            ######....   1%          4    ##.....
c - Confuse               Hex            ######..     1%          3    None
d - Animate Skeleton      Necr           N/A          6%          1    None
e - Slow                  Hex            ######..     1%          2    None
n - Darkness              Hex            ######....   14%         6    ######.
s - Spectral Weapon       Hex/Chrm       ######..     1%          3    None
v - Tukima's Dance        Hex            ######..     1%          3    None
x - Ensorcelled Hibernat  Hex/Ice        ####..       1%          2    None

Your spell library contained the following spells:

 Spells                   Type           Power        Failure   Level  Hunger
 Apportation              Tloc           ##....       6%          1    None
 Lightning Bolt           Conj/Air       ##........   86%         5    ####...
 Invisibility             Hex            ######..     14%         6    ######.
 Summon Small Mammal      Summ           ##..         6%          1    None
 Regeneration             Chrm/Necr      ####......   2%          3    None
 Stone Arrow              Conj/Erth      ##....       19%         3    None
 Shock                    Conj/Air       ##..         6%          1    None
 Swiftness                Chrm/Air       ####....     1%          2    None
 Airstrike                Air            ##........   52%         4    ##.....
 Confusing Touch          Hex            ######       1%          1    None
 Passwall                 Tmut/Erth      ##......     9%          2    None
 Static Discharge         Conj/Air       ##......     19%         3    None
 Corona                   Hex            ######.      1%          1    None
 Lee's Rapid Deconstruct  Erth           ##........   86%         5    ####...
 Sandblast                Erth           ##....       6%          1    None
 Portal Projectile        Hex/Tloc       ####..       2%          3    None
 Petrify                  Tmut/Erth      ##......     52%         4    ##.....
 Passage of Golubria      Tloc           N/A          52%         4    ##.....
 Leda's Liquefaction      Hex/Erth       ####......   8%          4    ##.....
 Shroud of Golubria       Chrm/Tloc      ####......   1%          2    None
 Inner Flame              Hex/Fire       ####....     2%          3    None
 Dazzling Spray           Conj/Hex       ####..       2%          3    None
 Song of Slaying          Chrm           ######..     1%          2    None


Dungeon Overview and Level Annotations

Branches:
Dungeon (8/15)             Temple (1/1) D:4            Lair (4/6) D:8
 Shoals (0/4) Lair:2       Spider (4/4) Lair:3

Altars:
Ashenzari
Cheibriados
Dithmenos
Elyvilon
Fedhas
Gozag
Hepliaklqana
Kikubaaqudgha
Makhleb
Okawaru
Qazlal
Ru
Sif Muna
Trog
Uskayaw
Vehumet
Wu Jian
Xom
Yredelemnul
Zin
The Shining One

Shops:
D:5 }   D:6 ?

Annotations:
Lair:2 exclusion: 3 oklob plants
Spider:3 exclusion: Roxanne, Roxanne
Spider:4 Nikola


Innate Abilities, Weirdness & Mutations

You are very small and have problems with some larger weapons.
You are too small for most types of armour.
You have supernaturally acute eyesight. (SInv)
You are a herbivore.
You cover ground extremely quickly.
You need to consume almost no food.
You have a somewhat thin skeletal structure. (Dex +2, Stealth)
You can translocate small distances at will.
You possess an exceptional clarity of mind.
Your mind is acute. (Int +2)
Armour fits poorly on your strangely shaped body.
You expend magic power (3 MP) to strengthen your wands.


Message History

Confirm with . or Enter, or press ? or * to list all spells.
Aiming: Confuse (safe; 1% risk of failure)
Press: ? - help, Shift-Dir - straight line, f/p - Nikola
Aim: Nikola, wielding a rapier of electrocution, wearing a runed cloak and wearing a pair of ancient gloves (moderately wounded, umbra, chance to defeat MR: 4%) Nikola resists with almost no effort.
Nikola mumbles some strange words.
You hear a mighty clap of thunder!
The lightning arc hits your spectral weapon.
Your spectral weapon resists.
Your spectral weapon shares its damage with you!
The lightning arc hits your spectral weapon.
Your spectral weapon resists.
Your spectral weapon shares its damage with you!
The lightning arc hits you!
The lightning arc hits your spectral weapon.
Your spectral weapon resists.
Your spectral weapon shares its damage with you!
Your spectral weapon fades away.
The lightning arc hits you!
You die...

###### ##.^.≈#
## ##...≈.##
.## ##......^#
..# #...@.^.@#
#.# #....###.##
.# #.≈..#†#≈≈##
.##
#...##.#..≈#
..###
#..†#...^≈.#
..#.#
#...#^.....##
....#
#...#...≈..≈#
..#.#
##..##.≈≈.^^.##
..###
#≈..#.≈≈≈.#.≈≈#


You could see Nikola.

Vanquished Creatures
  Arachne (Spider:3)
  Agnes (Spider:4)
  3 ghost moths
  9 emperor scorpions
  3 entropy weavers
  Nessos (Lair:4)
  A fire dragon (Lair:1)
  2 hydras
  A two-headed ogre (D:8)
  9 orb spiders
  24 wolf spiders
  2 moths of wrath (Spider:3)
  A gargoyle (D:4)
  Joseph (D:7)
  2 torpor snails
  6 spiny frogs
  5 demonic crawlers
  A rime drake (Lair:4)
  3 komodo dragons
  A troll (D:4)
  3 meliai (Lair:3)
  3 hornets
  36 jumping spiders
  A queen bee (Lair:3)
  24 blink frogs
  9 hippogriffs
  Sigmund (D:6)
  63 redbacks
  30 tarantellas
  8 yaks
  5 swamp worms (Lair:1)
  Edmund (D:6)
  Duvessa (D:6)
  9 porcupines
  3 water moccasins
  An ice beast (D:8)
  2 sky beasts
  A black bear (D:8)
  A necrophage (D:7)
  2 phantoms
  5 ogres
  4 wolves (Lair:2)
  8 crocodiles
  6 bullfrogs
  A wyvern zombie (D:7)
  4 scorpions
  The ghost of 4thArraOfDagon the Skirmisher, a weakling HOFi (D:4)
  Dowan (D:6)
  21 killer bees
  An electric eel (Lair:1)
  2 howler monkeys (D:8)
  2 crimson imps
  4 hounds
  2 jellies
  3 iguanas
  2 orc wizards (D:6)
  A centaur skeleton (D:4)
  Natasha (thrice) (D:2)
  6 worker ants
  A hound zombie (D:7)
  A mummy (D:7)
  Robin (D:2)
  3 gnolls (D:5)
  8 adders
  4 shadow imps
  3 oozes
  An adder zombie (D:6)
  An adder skeleton (D:5)
  3 worms
  5 leopard geckos
  18 orcs
  9 bats
  A giant cockroach (D:3)
  16 goblins
  10 hobgoblins
  5 jackals
  A quokka (D:6)
  A ball python skeleton (D:4)
  7 frilled lizards
  A jackal skeleton (D:5)
  5 kobolds
  A kobold zombie (D:7)
  A leopard gecko skeleton (D:8)
  An orc zombie (D:7)
  2 quokka zombies (D:5)
  5 rats
473 creatures vanquished.

Vanquished Creatures (collateral kills)
  An orc (D:7)
  A goblin (D:2)
2 creatures vanquished.

Vanquished Creatures (others)
  A jumping spider (Spider:3)
  6 fungi
  5 plants
  A spectral weapon (Spider:4)
13 creatures vanquished.

Grand Total: 488 creatures vanquished

Notes
Turn   | Place    | Note
-------+----------+-------------------------------------------
     0 | D:1      | Mamutox the Spriggan Enchanter began the quest for the Orb.
     0 | D:1      | Reached XP level 1. HP: 9/9 MP: 5/5
   212 | D:1      | Found a shimmering altar of Xom.
   243 | D:1      | Reached XP level 2. HP: 12/13 MP: 6/6
   247 | D:1      | Learned a level 2 spell: Ensorcelled Hibernation
  1044 | D:2      | Reached skill level 5 in Stealth
  1054 | D:2      | Found an iron altar of Okawaru.
  1164 | D:2      | Reached XP level 3. HP: 16/16 MP: 1/8
  1330 | D:2      | Noticed Robin
  1816 | D:2      | Killed Robin
  1816 | D:2      | Reached XP level 4. HP: 21/21 MP: 6/10
  1964 | D:2      | Noticed Natasha
  1973 | D:2      | Killed Natasha
  1978 | D:2      | Learned a level 3 spell: Confuse
  1985 | D:2      | Learned a level 3 spell: Tukima's Dance
  2194 | D:2      | Noticed Natasha
  2210 | D:2      | Killed Natasha
  2524 | D:2      | Found a shadowy altar of Dithmenos.
  2542 | D:2      | Reached XP level 5. HP: 25/25 MP: 0/11
  2558 | D:2      | Became a worshipper of Dithmenos the Shadowed
  2604 | D:2      | Found a stormy altar of Qazlal.
  2679 | D:2      | Noticed Natasha
  2714 | D:2      | Killed Natasha
  2714 | D:2      | Reached skill level 1 in Fighting
  3992 | D:4      | Noticed 4thArraOfDagon's ghost (weakling HOFi)
  4025 | D:4      | Reached skill level 4 in Dodging
  4093 | D:4      | Found a radiant altar of Vehumet.
  4452 | D:4      | Killed 4thArraOfDagon's ghost
  4452 | D:4      | Reached skill level 1 in Throwing
  4452 | D:4      | Reached XP level 6. HP: 30/30 MP: 6/13
  4628 | D:4      | Found a shattered altar of Ashenzari.
  4628 | D:4      | Noticed a troll
  4629 | D:4      | Noticed a gargoyle
  4630 | D:4      | Found a transporter.
  4640 | D:4      | Found a transporter.
  4744 | D:4      | Found a staircase to the Ecumenical Temple.
  4979 | Temple   | Entered the Ecumenical Temple
  5335 | D:5      | Entered Level 5 of the Dungeon
  5468 | D:5      | Reached skill level 1 in Evocations
  5514 | D:5      | Reached XP level 7. HP: 23/33 MP: 3/14
  5803 | D:5      | Reached skill level 5 in Dodging
  6099 | D:5      | Found Vaugisid's Gadget Shop.
  6147 | D:5      | Reached * piety under Dithmenos
  6208 | D:5      | Reached skill level 5 in Spellcasting
  7114 | D:6      | Noticed Duvessa
  7114 | D:6      | Noticed Dowan
  7121 | D:6      | Killed Dowan
  7121 | D:6      | Reached skill level 6 in Dodging
  7306 | D:6      | Killed Duvessa
  7306 | D:6      | Reached XP level 8. HP: 37/37 MP: 11/17
  7446 | D:7      | Noticed Joseph
  7635 | D:6      | Noticed Sigmund
  7658 | D:6      | Killed Sigmund
  7658 | D:6      | Reached skill level 5 in Short Blades
  7658 | D:6      | Reached skill level 7 in Dodging
  7727 | D:6      | Noticed Edmund
  7730 | D:6      | Killed Edmund
  7988 | D:6      | Found Ixuimm's Magic Scroll Shoppe.
  7998 | D:6      | Bought a scroll of magic mapping for 38 gold pieces
  7998 | D:6      | Bought a scroll of immolation for 38 gold pieces
  7998 | D:6      | Bought a scroll of fog for 22 gold pieces
  7998 | D:6      | Bought a scroll of noise for 11 gold pieces
  7998 | D:6      | Bought a scroll of identify for 22 gold pieces
  8027 | D:6      | Bought a scroll of identify for 22 gold pieces
  8027 | D:6      | Bought a scroll of identify for 22 gold pieces
  8027 | D:6      | Bought a scroll of teleportation for 33 gold pieces
  8354 | D:6      | Reached ** piety under Dithmenos
  8415 | D:6      | Found a hide-covered altar of Uskayaw.
  8584 | D:4      | Killed a troll
  8584 | D:4      | Reached skill level 8 in Dodging
  8584 | D:4      | Reached XP level 9. HP: 41/41 MP: 16/20
  8640 | D:4      | Killed a gargoyle
  8640 | D:4      | Reached skill level 10 in Stealth
  8924 | D:7      | Killed Joseph
  8924 | D:7      | Reached skill level 9 in Dodging
  8945 | D:7      | Gained mutation: Your magical capacity is low. (-10% MP) [potion of mutation]
  8945 | D:7      | Gained mutation: You are partially covered in iridescent scales. (AC +2) [potion of mutation]
  8946 | D:7      | Lost mutation: You are partially covered in iridescent scales. (AC +2) [potion of mutation]
  8946 | D:7      | Lost mutation: Your magical capacity is low. (-10% MP) [potion of mutation]
  8946 | D:7      | Gained mutation: Your muscles are strong. (Str +2) [potion of mutation]
  8946 | D:7      | Gained mutation: You occasionally shout uncontrollably at your foes. [potion of mutation]
  8946 | D:7      | Gained mutation: You are frail. (-10% HP) [potion of mutation]
  8946 | D:7      | Gained mutation: Your mind is acute. (Int +2) [potion of mutation]
  8947 | D:7      | Lost mutation: Your muscles are strong. (Str +2) [potion of mutation]
  8947 | D:7      | Gained mutation: Your mind is very acute. (Int +4) [potion of mutation]
  8947 | D:7      | Gained mutation: You can translocate small distances at will. [potion of mutation]
  8947 | D:7      | Gained mutation: Your magical capacity is low. (-10% MP) [potion of mutation]
  8947 | D:7      | Gained mutation: You are agile. (Dex +2) [potion of mutation]
  8948 | D:7      | Lost mutation: You are agile. (Dex +2) [potion of mutation]
  8948 | D:7      | Lost mutation: Your magical capacity is low. (-10% MP) [potion of mutation]
  8948 | D:7      | Lost mutation: Your mind is very acute. (Int +4) [potion of mutation]
  8948 | D:7      | Gained mutation: Your body sometimes deteriorates upon taking damage. [potion of mutation]
  8948 | D:7      | Lost mutation: You are frail. (-10% HP) [potion of mutation]
  8948 | D:7      | Gained mutation: Armour fits poorly on your strangely shaped body. [potion of mutation]
  8948 | D:7      | Gained mutation: You have a somewhat thin skeletal structure. (Dex +2, Stealth) [potion of mutation]
  9289 | D:7      | Reached skill level 5 in Hexes
  9498 | D:7      | Reached skill level 1 in Invocations
 10140 | D:8      | Found a hazy altar of Hepliaklqana.
 10229 | D:8      | Noticed a two-headed ogre
 10277 | D:8      | Reached XP level 10. HP: 45/45 MP: 7/23
 10332 | D:8      | Killed a two-headed ogre
 10332 | D:8      | Reached skill level 10 in Dodging
 10384 | D:8      | Reached *** piety under Dithmenos
 10476 | D:8      | Learned a level 2 spell: Slow
 10481 | D:8      | Learned a level 4 spell: Cause Fear
 10715 | D:8      | Found a staircase to the Lair.
 10878 | Lair:1   | Entered Level 1 of the Lair of Beasts
 11015 | Lair:1   | Noticed a spiny frog
 11268 | Lair:1   | Killed a spiny frog
 11268 | Lair:1   | Reached skill level 5 in Evocations
 11588 | Lair:1   | Reached skill level 5 in Invocations
 11739 | Lair:1   | Lost mutation: You occasionally shout uncontrollably at your foes. [potion of mutation]
 11739 | Lair:1   | Lost mutation: Your mind is acute. (Int +2) [potion of mutation]
 11739 | Lair:1   | Lost mutation: Your body sometimes deteriorates upon taking damage. [potion of mutation]
 11739 | Lair:1   | Gained mutation: You expend magic power (3 MP) to strengthen your wands. [potion of mutation]
 11739 | Lair:1   | Gained mutation: Your mind is acute. (Int +2) [potion of mutation]
 11739 | Lair:1   | Gained mutation: You possess an exceptional clarity of mind. [potion of mutation]
 11852 | Lair:1   | Noticed a fire dragon
 11865 | Lair:1   | Killed a fire dragon
 12118 | Lair:2   | Noticed a spiny frog
 12124 | Lair:2   | Reached skill level 11 in Dodging
 12132 | Lair:2   | Reached XP level 11. HP: 49/49 MP: 15/24
 12784 | Lair:2   | Noticed an oklob plant
 12784 | Lair:2   | Noticed an oklob plant
 12965 | Lair:2   | Found an ornate altar of the Wu Jian Council.
 13035 | Lair:2   | Noticed a four-headed hydra
 13063 | Lair:2   | Killed a four-headed hydra
 13320 | Lair:2   | Reached **** piety under Dithmenos
 13507 | Lair:2   | Found a staircase to the Shoals.
 13564 | Lair:2   | Noticed an oklob plant
 13800 | Lair:3   | Noticed a five-headed hydra
 13855 | Lair:3   | Killed a five-headed hydra
 14018 | Lair:3   | Reached skill level 12 in Dodging
 14085 | Lair:3   | Found a hole to the Spider Nest.
 14323 | Lair:3   | Reached XP level 12. HP: 46/56 MP: 9/25
 14940 | Lair:4   | Found a labyrinth entrance.
 15934 | Lair:4   | Noticed Nessos
 15975 | Lair:4   | Killed Nessos
 16010 | Lair:4   | Reached skill level 10 in Short Blades
 16346 | Spider:1 | Entered Level 1 of the Spider Nest
 16510 | Spider:1 | Reached skill level 13 in Dodging
 16942 | Spider:1 | Reached ***** piety under Dithmenos
 17326 | Lair:3   | Reached skill level 10 in Spellcasting
 17398 | Spider:1 | Reached skill level 10 in Hexes
 17957 | Spider:1 | Reached XP level 13. HP: 54/60 MP: 16/28
 19001 | Spider:1 | Reached skill level 5 in Throwing
 19513 | Spider:2 | Reached skill level 5 in Fighting
 19513 | Spider:2 | Reached skill level 14 in Dodging
 19537 | Spider:2 | Noticed an emperor scorpion
 19563 | Spider:2 | Killed an emperor scorpion
 20164 | Spider:2 | Identified a scroll of acquirement
 20291 | Spider:3 | Noticed Arachne
 20293 | Spider:3 | Noticed an emperor scorpion
 20423 | Spider:3 | Noticed an emperor scorpion
 20431 | Spider:3 | Killed an emperor scorpion
 20441 | Spider:3 | Learned a level 1 spell: Infusion
 20482 | Spider:3 | Learned a level 6 spell: Darkness
 20543 | Spider:3 | Killed an emperor scorpion
 20557 | Spider:3 | Noticed an entropy weaver
 20596 | Spider:4 | Entered Level 4 of the Spider Nest
 20598 | Spider:4 | Noticed Agnes
 20933 | Spider:4 | Noticed an entropy weaver
 20935 | Spider:4 | Killed Agnes
 20935 | Spider:4 | Reached XP level 14. HP: 68/68 MP: 29/29
 21037 | Spider:3 | HP: 3/68 [poisoned by a redback]
 21734 | Spider:2 | Killed an entropy weaver
 21734 | Spider:2 | Reached skill level 15 in Dodging
 21734 | Spider:2 | Reached skill level 15 in Stealth
 21793 | Spider:3 | Noticed Roxanne
 21830 | Spider:3 | Reached skill level 1 in Charms
 22415 | Spider:3 | Killed Arachne
 23365 | Spider:4 | Noticed a ghost moth
 23404 | Spider:4 | Noticed an entropy weaver
 23834 | Spider:3 | Reached skill level 5 in Charms
 24570 | Spider:4 | Noticed Nikola
 24605 | Spider:4 | Killed an entropy weaver
 24638 | Spider:4 | Reached ****** piety under Dithmenos
 24777 | Spider:4 | Killed an entropy weaver
 26167 | Spider:3 | Killed a ghost moth
 27041 | Spider:4 | Noticed an emperor scorpion
 27042 | Spider:4 | Noticed an emperor scorpion
 27046 | Spider:4 | Killed an emperor scorpion
 27050 | Spider:4 | Killed an emperor scorpion
 27050 | Spider:4 | Reached XP level 15. HP: 74/74 MP: 30/30
 27095 | Spider:4 | Noticed a ghost moth
 27189 | Spider:4 | Reached skill level 16 in Dodging
 27192 | Spider:4 | Learned a level 1 spell: Animate Skeleton
 27797 | Spider:4 | Learned a level 3 spell: Spectral Weapon
 27941 | Spider:4 | Noticed a ghost moth
 28029 | Spider:4 | Noticed a ghost moth
 28030 | Spider:4 | Killed a ghost moth
 28039 | Spider:4 | Killed a ghost moth
 28056 | Spider:4 | Got a crude whip
 28066 | Spider:4 | Got a gossamer rune of Zot
 28114 | Spider:4 | Killed from afar by Nikola

Vault maps used:
D:1:      scummos_arrival_forest, xom_teletrap_fun
D:2:      cheibrodos_greedy_goblins, lemuel_doored_altar,
          nicolae_overflow_hidden_temple, lemuel_coloured_pillars_altar,
          uniq_natasha, uniq_robin
D:4:      lemuel_round_altar, gammafunk_temple_overflow_arena, temple_doors_e,
          first_ration
D:5:      serial_shops, shop
D:6:      kennysheep_mini_moat, serial_shops, shop_statue, uniq_sigmund,
          uniq_edmund, uniq_duvessa
D:7:      nicolae_ossuary_entry_giza, minmay_bent, uniq_joseph
D:8:      cheibrodos_iron_armory, lair_entry_dummy, basic_altar
Temple:   regret_index_temple_generic_petals
Lair:1:   dragon1_lemuel, worms_lemuel, lemuel_fruit_fields, grunt_megastairs_3,
          infiniplex_staircase_pool
Lair:2:   minmay_lair_oklob_tunnel, elwin_shoals_entry_rocks, basic_altar,
          wad_woods_road_03, grunt_megastairs_1, lemuel_fruit_tree,
          infiniplex_staircase_pool_2, minmay_lair_oklob_chamber
Lair:3:   spider_nest_entry_a
Lair:4:   lab_entry_generic, uniq_nessos
Spider:1: special_room
Spider:3: uniq_arachne, uniq_roxanne
Spider:4: grunt_spider_rune_circles, nicolae_arachne_temple, uniq_agnes,
          uniq_nikola

Skill      XL: |  1  2  3  4  5  6  7  8  9 10 11 12 13 14 15 |
---------------+----------------------------------------------+-----
Stealth        | 5 6 7 9 10 11 13 14 15 | 15.0
Spellcasting   | 3 4 5 7 8 10 | 10.1
Hexes          | 4 5 7 8 10 | 10.0
Short Blades   | 2 3 4 5 7 8 9 10 11 12 | 12.3
Fighting       | 1 3 5 6 7 |  7.1
Dodging        | 4 6 8 9 11 12 13 14 15 16 | 16.2
Throwing       | 1 3 4 6 8 |  8.6
Evocations     | 1 2 3 5 6 7 8 |  8.8
Invocations    | 3 6 7 |  7.2
Charms         | 8 9 |  9.0
Ice Magic      | |  0.6

Action                   |  1- 3 |  4- 6 |  7- 9 | 10-12 | 13-15 || total
-------------------------+-------+-------+-------+-------+-------++-------
Melee: Dagger            |   108 |   186 |   235 |   268 |       ||   797
       Short sword       |       |       |       |    46 |   269 ||   315
Throw: Tomahawk          |    17 |     6 |       |       |     3 ||    26
       Stone             |       |    10 |       |       |       ||    10
       Throwing net      |       |       |       |       |     7 ||     7
 Cast: Ensorcelled Hiber |    29 |    29 |    56 |   263 |   261 ||   638
       Confuse           |       |    16 |    24 |    22 |    59 ||   121
       Tukima's Dance    |       |     2 |       |       |     2 ||     4
       Cause Fear        |       |       |       |     3 |     6 ||     9
       Infusion          |       |       |       |       |     8 ||     8
       Darkness          |       |       |       |       |     2 ||     2
       Spectral Weapon   |       |       |       |       |     2 ||     2
Invok: Shadow Form       |       |       |       |       |     1 ||     1
 Abil: Blink             |       |       |       |       |     8 ||     8
Evoke: Wand              |       |       |       |       |    23 ||    23
       Lamp of fire      |       |       |       |       |     1 ||     1
  Use: Scroll            |       |       |    13 |     1 |    16 ||    30
       Potion            |       |       |     4 |     5 |     4 ||    13
 Stab: Sleeping          |    18 |    16 |    55 |   134 |   148 ||   371
       Confused          |       |     5 |    18 |     7 |    19 ||    49
       Distracted        |       |       |     1 |     1 |     5 ||     7
       Held in net/web   |       |       |       |       |     5 ||     5
  Eat: Ration            |       |     4 |     2 |     4 |     6 ||    16
Armor: Robe              |    15 |     8 |     6 |       |     1 ||    30
Dodge: Dodged            |   102 |   101 |   156 |   432 |   474 ||  1265

Table legend:
 A = Spawn XP
 B = Non-spawn XP
 C = Spawn XP percentage of total XP
 D = Spawn monster count
 E = Non-spawn monster count
 F = Spawn count percentage of total count
 G = Total turns spent on level
                    A         B        C        D         E        F      G
               +---------+---------+-------+---------+---------+-------+---------
         Total |       0 |  115328 |   0.0 |       0 |     475 |   0.0 | 28114
               +---------+---------+-------+---------+---------+-------+---------
           D:1 |       0 |      25 |   0.0 |       0 |      14 |   0.0 |   943
           D:2 |       0 |     230 |   0.0 |       0 |      47 |   0.0 |  2163
           D:3 |       0 |      15 |   0.0 |       0 |       9 |   0.0 |   755
           D:4 |       0 |     956 |   0.0 |       0 |       9 |   0.0 |  1299
           D:5 |       0 |     857 |   0.0 |       0 |      29 |   0.0 |  1859
           D:6 |       0 |    1151 |   0.0 |       0 |      22 |   0.0 |  1301
           D:7 |       0 |    1761 |   0.0 |       0 |      24 |   0.0 |  1407
           D:8 |       0 |    1893 |   0.0 |       0 |      20 |   0.0 |   955
        Lair:1 |       0 |    4897 |   0.0 |       0 |      20 |   0.0 |  1518
        Lair:2 |       0 |    6136 |   0.0 |       0 |      28 |   0.0 |  1246
        Lair:3 |       0 |    8763 |   0.0 |       0 |      35 |   0.0 |  3069
        Lair:4 |       0 |    5978 |   0.0 |       0 |      19 |   0.0 |  1167
      Spider:1 |       0 |   13982 |   0.0 |       0 |      58 |   0.0 |  1753
      Spider:2 |       0 |   11230 |   0.0 |       0 |      28 |   0.0 |  1840
      Spider:3 |       0 |   18964 |   0.0 |       0 |      39 |   0.0 |  2689
      Spider:4 |       0 |   38490 |   0.0 |       0 |      74 |   0.0 |  3808
               +---------+---------+-------+---------+---------+-------+---------
